 Dungeon Crawl Stone Soup version 0.28.0-53-g5a82cb258f (webtiles) character file.

Game seed: 18165180162532259198

406 Zeld the Conjurer (level 6, -1/48 HPs)
             Began as a Gargoyle Conjurer on June 2, 2022.
             Killed from afar by an orc wizard (4 damage)
             ... with a puff of flame
             ... on level 4 of the Dungeon.
             The game lasted 00:04:03 (4685 turns).

Zeld the Conjurer (Gargoyle Conjurer)               Turns: 4685, Time: 00:04:04

Health: -1/48      AC:  7    Str: 11    XL:     6   Next: 87%
Magic:  1/12       EV: 11    Int: 20    God:
Gold:   158        SH:  0    Dex:  8    Spells: 2/13 levels left

rFire   + . .      SeeInvis .   d - +2 dagger (venom)
rCold   + . .      Faith    .   (no shield)
rNeg    + . .      Spirit   .   a - +0 robe
rPois   ∞          Reflect  .   (no helmet)
rElec   +          Harm     .   (no cloak)
rCorr   +          Rampage  .   k - +0 pair of gloves
Will    .....                   (no boots)
Stlth   ..........              (no amulet)
HPRegen 0.16/turn               (no ring)
MPRegen 0.13/turn               (no ring)

@: brilliant, berserking (expiring), resistant, very slightly contaminated, very
quick
A: sickness immunity, AC +4, negative energy resistance 1, electricity
resistance, torment resistance 1, petrification resistance
a: no special abilities


You were on level 4 of the Dungeon.
You visited 1 branch of the dungeon, and saw 4 of its levels.

You collected 158 gold pieces.

Inventory:

Hand Weapons
 d - a +2 dagger of venom (weapon)
Missiles
 h - 42 bolts
Armour
 a - a +0 robe (worn)
 k - a +0 pair of gloves (worn)
Wands
 m - a wand of polymorph (3)
Scrolls
 b - a scroll of summoning {unknown}
 c - a scroll of identify {unknown}
 e - a scroll of teleportation {unknown}
 j - 3 scrolls of blinking {unknown}
Potions
 i - a potion of brilliance
 l - a potion of might {unknown}
 n - a potion of attraction {unknown}


   Skills:
 - Level 1.5 Dodging
 + Level 3.2 Stealth
 * Level 4.4 Spellcasting
 + Level 5.6 Conjurations
 - Level 2.0 Hexes
 - Level 2.0 Translocations


You had 2 spell levels left.
You knew the following spells:

 Your Spells              Type           Power      Damage    Failure   Level
a - Magic Dart            Conj           100%       1d8       1%          1
b - Searing Ray           Conj           80%        2d7       1%          2
c - Fulminant Prism       Conj/Hex       14%        3d9       26%         4
d - Iskenderun's Mystic   Conj/Tloc      29%        2d7       26%         4

Your spell library contained the following spells:

 Spells                   Type           Power      Damage    Failure   Level
 Static Discharge         Conj/Air       23%        N/A       6%          2
 Blink                    Tloc           36%        N/A       9%          2
 Dazzling Flash           Conj/Hex       58%        N/A       8%          3
 Lesser Beckoning         Tloc           18%        N/A       16%         3
 Lightning Bolt           Conj/Air       11%        1d24      71%         5
 Manifold Assault         Tloc           18%        N/A       83%         5
 Maxwell's Capacitive Co  Air            3%         ∞         100%        8


Dungeon Overview and Level Annotations

Branches:
Dungeon (4/15)
 Temple: D:4-7

Altars:
Elyvilon
Fedhas
Kikubaaqudgha
Okawaru
Ru
Sif Muna
Uskayaw
Xom

Annotations:
D:4 3 runed translucent doors, Eustachio; Woods's ghost, amateur GrFi


Innate Abilities, Weirdness & Mutations

You are immune to sickness and miasma.
Your stone body is resilient. (AC +4)
You are immune to poison.
You resist negative energy. (rN+)
You are resistant to electric shocks. (rElec)
You are resistant to unholy torment.
You are immune to petrification.


Message History

The orc priest is knocked back by the mystic blast.
Unknown command.
Unknown command.
You cannot move.
You cannot move.
You cannot move.
You cannot move.
You cannot move.
Unknown command.
It was a potion of brilliance.
You feel clever all of a sudden.
The orc priest begins to cast a cantrip, but forgets the words!
It was a potion of resistance.
You feel protected.
You are no longer locked in place.
It was a potion of berserk rage.
A red film seems to cover your vision as you go berserk!
You feel yourself moving faster!
You feel mighty! The orc wizard barely misses you.
The orc priest hits you with a +0 short sword.
* * * LOW HITPOINT WARNING * * *
You barely miss the orc priest.
The orc priest is heavily wounded.
The orc wizard closely misses you.
The orc priest hits you with a +0 short sword.
* * * LOW HITPOINT WARNING * * *
You puncture the orc priest!
You kill the orc priest!
You barely miss the orc wizard.
The orc wizard is heavily wounded.
The orc wizard hits you but does no damage.
You closely miss the orc wizard.
The orc wizard is heavily wounded.
The orc wizard misses you.
You closely miss the orc wizard.
The orc wizard is heavily wounded.
You closely miss the orc wizard.
The orc wizard is heavily wounded.
The orc wizard points at you and mumbles some strange words.
The puff of flame hits you. You resist.
You die...

...#..#.#..#
#######..#.$.#...+..
.........#.$.....+..
##..#...#...+..
######...#..#.#..#.
.........# WrJ...#.
#######..#########..
#####....)........
#.......@o........
#........).##.####
#..####.....####
#..# ##÷..##.<# #..#
#...#.†.# #..##
+#...#..###
###.###.....###.#
#.......).....#
#......♣......#


You could see an orc wizard, an endoplasm and a quokka.

Vanquished Creatures
  A sky beast (D:4)
  An ogre (D:3)
  A howler monkey (D:3)
  An orc priest (D:4)
  Ijyb (D:3)
  Natasha (D:4)
  A hound skeleton (D:4)
  4 adders
  2 dart slugs
  An orc (D:4)
  4 ball pythons
  5 endoplasms
  7 giant cockroaches
  3 goblins
  5 hobgoblins
  6 jackals (D:3)
  3 kobolds
  A quokka (D:3)
  4 bats
  2 frilled lizards
  6 rats
60 creatures vanquished.

Notes
Turn   | Place    | Note
-------+----------+-------------------------------------------
     0 | D:1      | Zeld the Gargoyle Conjurer began the quest for the Orb.
     0 | D:1      | Reached XP level 1. HP: 10/10 MP: 3/3
   228 | D:1      | Reached XP level 2. HP: 15/15 MP: 3/5
   320 | D:1      | Learned a level 2 spell: Searing Ray
  1065 | D:2      | Reached skill level 1 in Hexes
  1065 | D:2      | Reached skill level 1 in Translocations
  1065 | D:2      | Reached XP level 3. HP: 19/19 MP: 6/6
  1065 | D:2      | Found a faded altar of an unknown god.
  1894 | D:3      | Found a shimmering blue altar of Sif Muna.
  1898 | D:3      | Found a sacrificial altar of Ru.
  1898 | D:3      | Found a hide-covered altar of Uskayaw.
  1898 | D:3      | Found an iron altar of Okawaru.
  1901 | D:3      | Found a shimmering altar of Xom.
  1996 | D:3      | Found a white marble altar of Elyvilon.
  1998 | D:3      | Noticed Ijyb
  2060 | D:3      | Killed Ijyb
  2061 | D:3      | Reached XP level 4. HP: 23/24 MP: 1/8
  3038 | D:3      | Noticed an ogre
  3048 | D:3      | Killed an ogre
  3049 | D:3      | Reached skill level 5 in Conjurations
  3049 | D:3      | Reached XP level 5. HP: 10/28 MP: 0/10
  3356 | D:3      | Learned a level 4 spell: Fulminant Prism
  3671 | D:4      | Noticed Eustachio
  4130 | D:4      | Noticed Natasha
  4144 | D:3      | Reached XP level 6. HP: 30/32 MP: 3/11
  4216 | D:3      | Learned a level 4 spell: Iskenderun's Mystic Blast
  4422 | D:4      | Killed Natasha
  4454 | D:4      | Found a runed translucent gate.
  4473 | D:4      | Noticed Woods's ghost (amateur GrFi)
  4538 | D:4      | Found an ancient bone altar of Kikubaaqudgha.
  4541 | D:4      | Found a blossoming altar of Fedhas.
  4578 | D:4      | Noticed a sky beast
  4592 | D:4      | Killed a sky beast
  4664 | D:4      | Found a runed translucent gate.
  4665 | D:4      | Found a runed translucent gate.
  4680 | D:4      | HP: 2/48 [orc priest/+0 short sword (2)]
  4685 | D:4      | Killed from afar by an orc wizard

Illustrated notes

Levels and vault maps discovered:
D:1:      nzn_arrival_settlement, layout_loops_ring, st_stairs_13
D:2:      layout_loops_ring, hellmonk_ecumenical_altar_pennies_from_heaven
D:3:      layout_loops_ring, grunt_temple_overflow_open, elyvilon_altar_5,
          uniq_ijyb
D:4:      layout_basic, grunt_temple_overflow_growth_and_decay,
          gammafunk_ghost_split, chequers_decorated_corner, grunt_ministairs_6,
          minmay_misc_feat_encased, uniq_eustachio, uniq_natasha

Skill      XL: |  1  2  3  4  5  6 |
---------------+-------------------+-----
Hexes          | 1 2 |  2.0
Translocations | 1 2 |  2.0
Spellcasting   | 3 4 |  4.4
Conjurations   | 5 |  5.6
Stealth        | 3 |  3.2
Dodging        | |  1.5

Action                   |  1- 3 |  4- 6 || total
-------------------------+-------+-------++-------
Melee: Unarmed           |    14 |       ||    14
       Dagger            |    65 |    91 ||   156
 Cast: Magic Dart        |    13 |     5 ||    18
       Searing Ray       |     3 |     5 ||     8
       Iskenderun's Myst |       |     3 ||     3
  Use: Potion            |       |     3 ||     3
 Stab: Sleeping          |     2 |       ||     2
       Distracted        |       |     1 ||     1
Armor: Robe              |    43 |    39 ||    82
       Skin              |     1 |       ||     1
Dodge: Dodged            |    63 |    53 ||   116
